 Dungeon Crawl Stone Soup version 0.29.1-2-gbd0b4ee654 (webtiles) character file.

Game seed: 17894964880101592231

3 Mindcool24 the Trooper (level 1, -1/20 HPs)
             Began as a Minotaur Berserker on Nov 23, 2022.
             Was a Follower of Trog.
             Slain by a hobgoblin (5 damage)
             ... on level 2 of the Dungeon.
             The game lasted 00:00:43 (72 turns).

Mindcool24 the Trooper (Minotaur Berserker)           Turns: 72, Time: 00:00:44

Health: -1/20      AC:  2    Str: 21    XL:     1   Next: 41%
Magic:  0/0        EV: 12    Int:  4    God:    Trog [*.....]
Gold:   0          SH:  0    Dex:  9    Spells: 0/0 levels left

rFire   . . .      SeeInvis .   a - +0 spear
rCold   . . .      Faith    .   (no shield)
rNeg    . . .      Spirit   .   b - +0 animal skin
rPois   .          Reflect  .   (helmet restricted)
rElec   .          Harm     .   (no cloak)
rCorr   .          Rampage  .   (no gloves)
Will    .....                   (no boots)
Stlth   +.........              (no amulet)
HPRegen 0.06/turn               (no ring)
MPRegen 0.07/turn               (no ring)

@: no status effects
A: horns 2, retaliatory headbutt
a: Renounce Religion, Berserk


You were on level 2 of the Dungeon.
You worshipped Trog.
Trog was aware of your devotion.
You visited 1 branch of the dungeon, and saw 2 of its levels.

Inventory:

Hand Weapons
 a - a +0 spear (weapon)
Armour
 b - a +0 animal skin (worn)
Scrolls
 e - a scroll of identify {unknown}
Potions
 c - a potion of lignification {unknown}
 d - a potion of curing {unknown}


   Skills:
 + Level 3.7 Fighting
 + Level 3.7 Polearms
 + Level 2.4 Armour
 + Level 2.2 Dodging


You couldn't memorise any spells.
You didn't know any spells.
Your spell library was empty.

Dungeon Overview and Level Annotations

Branches:
Dungeon (2/15)

Altars:


Innate Abilities, Weirdness & Mutations

You have a pair of horns on your head.
You reflexively headbutt those who attack you in melee.


Message History

e - a scroll labelled AVYVIH XIAHI
As you read the scroll labelled AVYVIH XIAHI, it crumbles to dust.
You assume a fearsome visage.
Nothing appears to happen.
It was a scroll of fear.
There is an open door here.
e - a scroll labelled JODAISHRASHRE A hobgoblin comes into view.
The hobgoblin shouts!
A hobgoblin comes into view.
Found a dagger.
The hobgoblin shouts!
You hear a shout!
A goblin comes into view. It is wielding a +0 dagger.
The hobgoblin moves out of view.
Found 3 stones.
The hobgoblin hits you.
You hit the hobgoblin.
The hobgoblin is heavily wounded.
The hobgoblin hits you.
You completely miss the hobgoblin. Your headbutt misses the hobgoblin.
The hobgoblin is heavily wounded.
The hobgoblin hits you.
You hit the hobgoblin but do no damage.
The hobgoblin is moderately wounded.
The hobgoblin hits you.
You hit the hobgoblin but do no damage. Your headbutt misses the hobgoblin.
The hobgoblin is moderately wounded.
The hobgoblin hits you.
You closely miss the hobgoblin. Your headbutt misses the hobgoblin.
The hobgoblin is moderately wounded.
The hobgoblin hits you.
* * * LOW HITPOINT WARNING * * *
You hit the hobgoblin.
The hobgoblin is almost dead.
The goblin closely misses you. The hobgoblin barely misses you.
The hobgoblin closely misses you. The goblin misses you.
You furiously retaliate!
You headbutt the goblin!
You kill the goblin!
Trog accepts your kill.
A dart slug comes into view.
The hobgoblin attacks as you move away! The hobgoblin hits you.
You die...

.. .. ..# #.#
...##.. ....##.##
.....#..##
#.....###
#w..)..###
...).#.gg....#
#######@##.....#
#.....#.# ###....
#.....#.## ##(
#.....#..#
#..)..#..#
#.....#..## ##
.######'...# .#
.........#### .#
##..........#####
.#


You could see a dart slug and 2 hobgoblins.

Vanquished Creatures
  2 goblins (D:2)
  2 rats (D:2)
4 creatures vanquished.

Notes
Turn   | Place    | Note
-------+----------+-------------------------------------------
     0 | D:1      | Mindcool24 the Minotaur Berserker began the quest for the
                  | Orb.
     0 | D:1      | Reached XP level 1. HP: 19/19 MP: 0/0
    72 | D:2      | Slain by a hobgoblin

Illustrated notes

Levels and vault maps discovered:
D:1:      dpeg_arrival_long_road, layout_rooms,
          dilly_ecumenical_altar_fadedgnrine
D:2:      layout_rooms, basic_altar, minmay_3d_cube

Action                   || total
-------------------------++-------
Melee: Spear             ||    10
       Headbutt          ||     1
  Use: Scroll            ||     1
Dodge: Dodged            ||     6
